 Dungeon Crawl Stone Soup version 0.22-a0-482-g76e0a5f (webtiles) character file.

172 CougarLife the Shield-Bearer (level 5, -4/47 HPs)
             Began as a Gnoll Fighter on June 17, 2018.
             Slain by dang3rdave's ghost (6 damage)
             ... on level 3 of the Dungeon.
             The game lasted 00:01:31 (1419 turns).

CougarLife the Shield-Bearer (Gnoll Fighter)        Turns: 1419, Time: 00:01:31

Health: -4/47      AC:  9    Str: 24    XL:     5   Next: 53%
Magic:  7/7        EV:  7    Int: 10    God:
Gold:   131        SH: 16    Dex: 15    Spells: 7/7 levels left

rFire    . . .     SeeInvis .   a - +0 war axe
rCold    . . .     Gourm    .   r - +0 large shield
rNeg     . . .     Faith    .   b - +0 scale mail
rPois    .         Spirit   .   (no helmet)
rElec    .         Reflect  .   (no cloak)
rCorr    .         Harm     .   (no gloves)
MR       .....                  g - +0 pair of boots
Stlth    +.........             (no amulet)
HPRegen  0.15/turn              (no ring)
MPRegen  0.10/turn              (no ring)

@: mighty
A: distributed training, fangs 1, strong nose
a: no special abilities


You were on level 3 of the Dungeon.
You were not hungry.

You visited 1 branch of the dungeon, and saw 3 of its levels.

You collected 131 gold pieces.

Inventory:

Hand Weapons
 a - a +0 war axe (weapon)
Missiles
 q - 5 javelins (quivered)
Armour
 b - a +0 scale mail (worn)
 g - a +0 pair of boots (worn)
 r - a +0 large shield (worn)
Scrolls
 e - 2 scrolls of blinking {unknown}
 h - a scroll of magic mapping {unknown}
 i - a scroll of fear {unknown}
 j - 2 scrolls of remove curse {unknown}
 p - 2 scrolls of identify {unknown}
Potions
 k - a potion of brilliance {unknown}
 l - a potion of mutation {unknown}
 m - a potion of magic {unknown}
 n - a potion of cancellation {unknown}
 o - a potion of curing {unknown}
Comestibles
 c - 2 chunks of flesh
 f - a ration


   Skills:
 + Level 6.7 Fighting
 + Level 1.5 Short Blades
 + Level 1.5 Long Blades
 + Level 4.8 Axes
 + Level 1.5 Maces & Flails
 + Level 1.5 Polearms
 + Level 1.5 Staves
 + Level 1.5 Slings
 + Level 1.5 Bows
 + Level 1.5 Crossbows
 + Level 1.5 Throwing
 + Level 6.7 Armour
 + Level 1.5 Dodging
 + Level 1.5 Stealth
 + Level 6.7 Shields
 + Level 1.5 Unarmed Combat
 + Level 1.5 Spellcasting
 + Level 1.2 Conjurations
 + Level 1.2 Hexes
 + Level 1.2 Charms
 + Level 1.2 Summonings
 + Level 1.2 Necromancy
 + Level 1.2 Translocations
 + Level 1.2 Transmutations
 + Level 1.2 Fire Magic
 + Level 1.2 Ice Magic
 + Level 1.2 Air Magic
 + Level 1.2 Earth Magic
 + Level 1.2 Poison Magic
 + Level 1.7 Invocations
 + Level 1.5 Evocations


You had 7 spell levels left.
You didn't know any spells.
Your spell library was empty.

Dungeon Overview and Level Annotations

Branches:
Dungeon (3/15)

Altars:

Annotations:
D:3 dang3rdave's ghost, weakling TrMo


Innate Abilities, Weirdness & Mutations

Your experience applies equally to all skills.
You have very sharp teeth.
Your uncanny sense of smell can sniff out nearby items.


Message History

Things that are here:
a dagger; a chunk of flesh You see here a dagger.
Things that are here:
a dagger; 2 tomahawks; a leather armour There isn't anything to butcher here.
There isn't anything to butcher here.
You feel very mighty all of a sudden. Dang3rdave's ghost hits you!
* * * LOW HITPOINT WARNING * * *
You closely miss dang3rdave's ghost.
Dang3rdave's ghost hits you but does no damage.
You completely miss dang3rdave's ghost. Dang3rdave's ghost barely misses you.
You block dang3rdave's ghost's attack.
You barely miss dang3rdave's ghost. You block dang3rdave's ghost's attack.
You slice dang3rdave's ghost!!
Dang3rdave's ghost is severely damaged.
Dang3rdave's ghost hits you but does no damage.
Dang3rdave's ghost hits you.
You die...

#.# .... .. #.##... ....
###.#... .... ...... .
....###... ..
.........### ... #### ##.
#........##....) ....#..
#.##..)#).......
##..#.###.....W@##......
#.......###.#..รท).......
##.###.#.......#.........
........##..........#...#
................##.##...#
........##...[........ .
........##.....#......
...................$..
........##....##...$...


You could see dang3rdave's ghost.

Vanquished Creatures
  2 orc priests (D:3)
  6 adders
  An adder zombie (D:2)
  2 worms (D:2)
  A dart slug (D:1)
  2 leopard geckos
  An orc (D:3)
  7 goblins
  6 hobgoblins
  2 quokkas (D:3)
  7 bats
  4 frilled lizards (D:2)
  A kobold (D:2)
  7 rats
49 creatures vanquished.

Notes
Turn   | Place    | Note
-------+----------+-------------------------------------------
     0 | D:1      | CougarLife the Gnoll Fighter began the quest for the Orb.
     0 | D:1      | Reached XP level 1. HP: 23/23 MP: 1/1
    81 | D:1      | Reached XP level 2. HP: 26/29 MP: 2/2
   863 | D:2      | Reached XP level 3. HP: 28/35 MP: 3/3
   891 | D:2      | Reached skill level 1 in Invocations
   967 | D:2      | Reached skill level 1 in Short Blades
   967 | D:2      | Reached skill level 1 in Long Blades
   967 | D:2      | Reached skill level 1 in Maces & Flails
   967 | D:2      | Reached skill level 1 in Polearms
   967 | D:2      | Reached skill level 1 in Staves
   967 | D:2      | Reached skill level 1 in Slings
   967 | D:2      | Reached skill level 1 in Bows
   967 | D:2      | Reached skill level 1 in Crossbows
   967 | D:2      | Reached skill level 1 in Throwing
   967 | D:2      | Reached skill level 1 in Dodging
   967 | D:2      | Reached skill level 1 in Stealth
   967 | D:2      | Reached skill level 1 in Unarmed Combat
   967 | D:2      | Reached skill level 1 in Spellcasting
   967 | D:2      | Reached skill level 1 in Evocations
   972 | D:2      | Reached XP level 4. HP: 41/41 MP: 5/5
  1313 | D:3      | Reached skill level 1 in Conjurations
  1313 | D:3      | Reached skill level 1 in Hexes
  1313 | D:3      | Reached skill level 1 in Charms
  1313 | D:3      | Reached skill level 1 in Summonings
  1313 | D:3      | Reached skill level 1 in Necromancy
  1313 | D:3      | Reached skill level 1 in Translocations
  1313 | D:3      | Reached skill level 1 in Transmutations
  1313 | D:3      | Reached skill level 1 in Fire Magic
  1313 | D:3      | Reached skill level 1 in Ice Magic
  1313 | D:3      | Reached skill level 1 in Air Magic
  1313 | D:3      | Reached skill level 1 in Earth Magic
  1313 | D:3      | Reached skill level 1 in Poison Magic
  1385 | D:3      | Reached XP level 5. HP: 36/47 MP: 5/7
  1407 | D:3      | Noticed dang3rdave's ghost (weakling TrMo)
  1415 | D:3      | HP: 1/47 [dang3rdave's ghost (7)]
  1419 | D:3      | Slain by dang3rdave's ghost

Vault maps used:
D:1:      erik_arrival_cave_to_civilisation, minmay_pentomino_r2

Skill      XL: |  1  2  3  4 |
---------------+-------------+-----
Invocations    | 1 |  1.7
Short Blades   | 1 |  1.5
Long Blades    | 1 |  1.5
Maces & Flails | 1 |  1.5
Polearms       | 1 |  1.5
Staves         | 1 |  1.5
Slings         | 1 |  1.5
Bows           | 1 |  1.5
Crossbows      | 1 |  1.5
Throwing       | 1 |  1.5
Dodging        | 1 |  1.5
Stealth        | 1 |  1.5
Unarmed Combat | 1 |  1.5
Spellcasting   | 1 |  1.5
Evocations     | 1 |  1.5
Conjurations   | 1 |  1.2
Hexes          | 1 |  1.2
Charms         | 1 |  1.2
Summonings     | 1 |  1.2
Necromancy     | 1 |  1.2
Translocations | 1 |  1.2
Transmutations | 1 |  1.2
Fire Magic     | 1 |  1.2
Ice Magic      | 1 |  1.2
Air Magic      | 1 |  1.2
Earth Magic    | 1 |  1.2
Poison Magic   | 1 |  1.2
Fighting       | |  6.7
Axes           | |  4.8
Armour         | |  6.7
Shields        | |  6.7

Action                   |  1- 3 |  4- 6 || total
-------------------------+-------+-------++-------
Melee: War axe           |    54 |    59 ||   113
       Bite              |     3 |     5 ||     8
  Use: Potion            |       |     1 ||     1
  Eat: Chunk             |       |     2 ||     2
Armor: Scale mail        |    17 |    19 ||    36
Dodge: Dodged            |    22 |    15 ||    37
Block: Shield            |    24 |    21 ||    45
       Large shield      |       |    21 ||    21

Table legend:
 A = Spawn XP
 B = Non-spawn XP
 C = Spawn XP percentage of total XP
 D = Spawn monster count
 E = Non-spawn monster count
 F = Spawn count percentage of total count
 G = Total turns spent on level
                    A         B        C        D         E        F      G
               +---------+---------+-------+---------+---------+-------+---------
         Total |       0 |     247 |   0.0 |       0 |      49 |   0.0 |  1419
               +---------+---------+-------+---------+---------+-------+---------
           D:1 |       0 |      27 |   0.0 |       0 |      13 |   0.0 |   844
           D:2 |       0 |      99 |   0.0 |       0 |      26 |   0.0 |   459
           D:3 |       0 |     121 |   0.0 |       0 |      10 |   0.0 |   116
               +---------+---------+-------+---------+---------+-------+---------
